 Dungeon Crawl Stone Soup version 0.25-a0-426-g7d9e569eea (webtiles) character file.

Game seed: 15767047896006129560, levelgen mode: deterministic

20408 Gargoyl the Schismatic (level 12, 0/101 HPs)
             Began as a Centaur Abyssal Knight on Jan 25, 2020.
             Was an Elder of Lugonu.
             Killed from afar by an ice statue (18 damage)
             ... with a shard of ice
             ... in a Gauntlet.
             The game lasted 00:29:19 (14207 turns).

Gargoyl the Schismatic (Centaur Abyssal Knight)    Turns: 14207, Time: 00:29:20

Health: 0/101      AC: 25    Str: 17    XL:     12   Next: 45%
Magic:  17/17      EV: -1    Int: 11    God:    Lugonu [****..]
Gold:   692        SH:  8    Dex: 15    Spells: 11/11 levels left

rFire    + . .     SeeInvis .   I - +3 war axe (elec)
rCold    + . .     Gourm    .   n - +0 shield
rNeg     + . .     Faith    .   A - +0 crystal plate armour
rPois    .         Spirit   .   o - +0 helmet
rElec    .         Reflect  .   p - +0 cloak
rCorr    .         Harm     .   G - +0 pair of gloves {Dex+3}
MR       .....     NoTele   +   a - +0 centaur barding {rC+}
Stlth    ..........             x - amulet of regeneration
HPRegen  0.66/turn              k - ring of protection from fire
MPRegen  0.15/turn              e - ring of positive energy

@: studying Transmutations, very quick
A: large, hooves 3, deformed body, speed 2, low mp 1, tough skin 3
a: Depart the Abyss, Bend Space, Banish, Corrupt, Renounce Religion


You were in a Gauntlet.
You worshipped Lugonu.
Lugonu was greatly pleased with you.
You were not hungry.

You visited 2 branches of the dungeon, and saw 13 of its levels.
You visited the Abyss 1 time.
You also visited: Ossuary and Gauntlet.

You collected 692 gold pieces.

Inventory:

Hand Weapons
 l - a +1 long sword of holy wrath
 u - the +5 whip of Valour {vorpal, Dex+5}
   (You found it on level 5 of the Dungeon)

   It inflicts extra damage upon your enemies.
   It affects your dexterity (+5).
 z - the +8 spear of the Eleven Ghosts {vamp, rF- MR+ Str+4 Dex+6}
   (You took it off a spriggan on level 1 of the Lair of Beasts)

   It inflicts no extra harm, but heals its wielder when it wounds a living foe.
   It affects your strength (+4).
   It affects your dexterity (+6).
   It makes you vulnerable to fire.
   It affects your resistance to hostile enchantments.
 F - a +2 hand axe of flaming
 I - a +3 war axe of electrocution (weapon)
 J - a +1 war axe of venom
Armour
 a - a +0 centaur barding of cold resistance (worn)
 n - a +0 shield (worn)
 o - a +0 helmet (worn)
 p - a +0 cloak (worn)
 A - a +0 crystal plate armour (worn)
 G - a +0 pair of gloves of dexterity (worn)
Jewellery
 e - a ring of positive energy (right hand)
 k - a ring of protection from fire (left hand)
 x - an amulet of regeneration (around neck)
 B - an uncursed ring of protection from fire
Wands
 d - a wand of polymorph (20)
 f - a wand of digging (12)
 v - a wand of scattershot (1)
 y - a wand of flame (25)
 L - a wand of paralysis (5)
Scrolls
 g - 5 scrolls of fog
 j - 3 scrolls of teleportation
 r - 5 scrolls of remove curse
 C - a scroll of blinking
 N - 3 scrolls of identify
Potions
 b - 9 potions of curing
 h - 3 potions of brilliance
 i - 2 potions of flight
 m - a potion of cancellation {unknown}
 q - 2 potions of heal wounds
 s - 2 potions of ambrosia
 t - 3 potions of haste
 w - a potion of berserk rage {unknown}
 D - 3 potions of agility {unknown}
 E - a potion of invisibility {unknown}
 K - a potion of magic {unknown}
Books
 H - a manual of Transmutations
Comestibles
 c - 21 rations
 M - 3 chunks of flesh


   Skills:
 + Level 8.1 Fighting
 + Level 1.2 Long Blades
 + Level 7.4(8.2) Axes
 + Level 5.3(7.1) Maces & Flails
 * Level 9.3 Armour
 * Level 5.9 Dodging
 + Level 2.0 Shields
 * Level 9.8 Invocations
 + Level 0.9 Evocations


You had 11 spell levels left.
You didn't know any spells.
Your spell library contained the following spells:

 Spells                   Type           Power        Failure   Level  Hunger
 Animate Skeleton         Necr           N/A          100%        1    ##.....
 Pain                     Necr           #...         100%        1    ##.....
 Sandblast                Erth           #.....       100%        1    ##.....
 Summon Small Mammal      Summ           #...         100%        1    ##.....
 Call Imp                 Summ           #.......     100%        2    ###....
 Passwall                 Tmut/Erth      #.......     100%        2    ###....
 Call Canine Familiar     Summ           #.......     100%        3    ####...
 Stone Arrow              Conj/Erth      #.....       100%        3    ####...
 Summon Guardian Golem    Hex/Summ       #.......     100%        3    ####...
 Vampiric Draining        Necr           #.........   100%        3    ####...
 Animate Dead             Necr           N/A          100%        4    #####..
 Petrify                  Tmut/Erth      #.......     100%        4    #####..
 Summon Ice Beast         Ice/Summ       #.......     100%        4    #####..
 Summon Lightning Spire   Summ/Air       #.......     100%        4    #####..
 Agony                    Necr           #.......     100%        5    ######.
 Lee's Rapid Deconstruct  Erth           #.........   100%        5    ######.


Dungeon Overview and Level Annotations

Branches:
Dungeon (10/15)            Temple (0/1) D:7            Lair (3/6) D:9
 Shoals (0/4) Lair:2       Spider (0/4) Lair:3      Ossuary (visited)
Gauntlet (1/1)
    Orc: D:9-12

Altars:
Ashenzari
Fedhas
Gozag
Kikubaaqudgha
Makhleb
Okawaru
Sif Muna
Trog
Xom
Yredelemnul

Shops:
D:4 :

Annotations:
D:9 exclusion: obsidian statue Gauntlet 3 transporters, 16 runed translucent doors, exclusion: ice statue


Innate Abilities, Weirdness & Mutations

You have hooves in place of feet.
Armour fits poorly on your strangely shaped body.
You cover ground very quickly.
You have extremely tough skin. (AC +3)
Your magical capacity is low. (-10% MP)


Message History

You are engulfed in freezing vapours.
You resist.
You slash the ice statue!
The ice statue is heavily damaged.
You are engulfed in freezing vapours.
You resist. The ice statue gestures at you. The shard of ice hits you!!
You partially resist.
* * * LOW HITPOINT WARNING * * *
Unknown command.
You hit the ice statue but do no damage.
You kick the ice statue, but do no damage.
The ice statue is heavily damaged.
You are engulfed in freezing vapours.
You resist.
* * * LOW HITPOINT WARNING * * *
You hit the ice statue. You kick the ice statue!
The ice statue is severely damaged.
You are engulfed in freezing vapours.
You resist.
* * * LOW HITPOINT WARNING * * *
The ice statue gestures at you. The shard of ice hits you!!
You partially resist.
You die...

....................
.....................#
#####...###########..#
....#.8.##.......##..#
....#...#.#^...^#.#..###
+#)÷#####..#^..#.?#..#8#
.#''#...#...#^#...#..#
.'..#©.§#...©#°°8○#..#
.'..#...#...#§#○@☼#..###
'#++#####..#..°#°☼#..#8#
.+..#...#.#.....#.#..###
.+..#...##......☼##..#
#####...###########..#
.#....≈....#.©.#.....#8
.#.8.§8§.8.#...#.8...###
.#....≈....#.©.#.....#
#####...###########..#


You could see an ice statue.

Vanquished Creatures
  Gastronok (Lair:1)
  A hydra (D:8)
  The ghost of astraldaughter the Protected, a journeyman HOCj of Vehumet (Lair:1)
  A two-headed ogre (D:9)
  A tengu warrior (Gauntlet)
  2 spriggans
  Pikel (D:6)
  2 ugly things (D:9)
  A black mamba (Lair:2)
  A smoke demon (Abyss:2)
  5 spiny frogs
  A rime drake (Gauntlet)
  4 komodo dragons (Lair:2)
  A polar bear (Lair:1)
  A troll (D:9)
  A tengu conjurer (Gauntlet)
  A hornet (Lair:1)
  2 dream sheep (D:8)
  3 hippogriffs
  5 blink frogs (Lair:2)
  Sigmund (D:4)
  A ynoxinul (Gauntlet)
  A vampire (D:9)
  A hungry ghost (D:9)
  2 wyverns
  2 yaks (D:8)
  Menkaure (D:6)
  4 water moccasins
  4 porcupines (Lair:2)
  3 orc warriors
  A slave (D:7)
  5 ice beasts
  A black bear (D:7)
  2 phantoms
  4 sky beasts
  4 wolves
  A boggart (Lair:1)
  An ogre (D:6)
  An eye of draining (D:9)
  6 crocodiles
  2 centaurs
  5 big kobolds
  2 elf zombies (Ossuary)
  A wyvern zombie (D:9)
  2 bullfrogs
  2 scorpions
  8 howler monkeys
  3 electric eels
  5 crimson imps
  2 quasits
  2 bullfrog zombies
  11 hounds
  4 iron imps
  4 orc wizards
  Crazy Yiuf (D:4)
  An orc priest (D:8)
  2 centaur skeletons (D:8)
  A gnoll shaman (D:6)
  A jelly (D:6)
  3 iguanas
  11 worker ants
  A hound zombie (Ossuary)
  4 mummies (Ossuary)
  Robin (D:4)
  12 adders
  12 gnolls
  A shadow imp (D:6)
  3 oozes
  An adder zombie (D:7)
  2 adder skeletons
  3 worms
  3 dart slugs
  5 leopard geckos
  15 orcs
  4 giant cockroaches
  A gnoll zombie (Ossuary)
  6 goblins
  14 hobgoblins
  21 jackals
  5 quokkas
  7 ball pythons
  7 bats
  5 frilled lizards
  2 hobgoblin zombies (Ossuary)
  A jackal zombie (Ossuary)
  5 kobolds
  A kobold zombie (Ossuary)
  A leopard gecko zombie (D:6)
  3 orc zombies (Ossuary)
  A quokka zombie (D:5)
  11 rats
  A rat zombie (Ossuary)
  A demonic plant (Gauntlet)
  2 fungi
  A plant (Lair:2)
318 creatures vanquished.

Vanquished Creatures (others)
  A merfolk siren (Lair:2)
  A spiny frog (Lair:1)
  A komodo dragon (Lair:1)
  3 electric eels (D:9)
  A kobold (D:8)
  A fungus (Lair:2)
  9 plants (Lair:2)
17 creatures vanquished.

Grand Total: 335 creatures vanquished

Notes
Turn   | Place    | Note
-------+----------+-------------------------------------------
     0 | Abyss:1  | Gargoyl the Centaur Abyssal Knight began the quest for the
                  | Orb.
     0 | Abyss:1  | Reached XP level 1. HP: 19/19 MP: 2/2
   101 | Abyss:1  | Noticed an apocalypse crab
   102 | Abyss:1  | Noticed a small abomination
   240 | Abyss:2  | Noticed a queen bee
   256 | Abyss:2  | Noticed a smoke demon
   260 | Abyss:2  | Killed a smoke demon
   260 | Abyss:2  | Reached skill level 5 in Fighting
   260 | Abyss:2  | Reached XP level 2. HP: 25/29 MP: 4/4
   260 | Abyss:2  | Reached XP level 3. HP: 31/36 MP: 5/5
   260 | Abyss:2  | Reached XP level 4. HP: 36/42 MP: 6/6
   260 | Abyss:2  | Reached XP level 5. HP: 42/48 MP: 7/7
   260 | Abyss:2  | Reached XP level 6. HP: 49/56 MP: 8/8
   300 | Abyss:2  | Noticed a wretched star
   302 | Abyss:2  | Noticed a sixfirhy
   304 | D:1      | Escaped the Abyss
   480 | D:1      | Reached * piety under Lugonu
   993 | D:1      | Reached skill level 1 in Dodging
  1579 | D:2      | Reached ** piety under Lugonu
  2886 | D:4      | Noticed Sigmund
  2928 | D:4      | Killed Sigmund
  2928 | D:4      | Reached XP level 7. HP: 62/62 MP: 8/10
  3119 | D:4      | Reached *** piety under Lugonu
  3696 | D:4      | Found a runed translucent door.
  3697 | D:4      | Noticed Crazy Yiuf
  3753 | D:4      | Noticed Robin
  3772 | D:4      | Killed Robin
  4029 | D:4      | Found Wugikeeh's Book Shoppe.
  4130 | D:4      | Killed Crazy Yiuf
  4183 | D:5      | Entered Level 5 of the Dungeon
  4223 | D:5      | Reached XP level 8. HP: 50/70 MP: 11/11
  4237 | D:5      | Found a sand-covered staircase.
  4242 | Ossuary  | Entered an ossuary
  4699 | D:5      | Found an ancient bone altar of Kikubaaqudgha.
  4700 | D:5      | Found a shimmering blue altar of Sif Muna.
  4713 | D:5      | Found a bloodstained altar of Trog.
  4713 | D:5      | Found a shattered altar of Ashenzari.
  4715 | D:5      | Found an iron altar of Okawaru.
  4715 | D:5      | Found an opulent altar of Gozag.
  4844 | D:5      | Found a burning altar of Makhleb.
  5059 | D:5      | Found a blossoming altar of Fedhas.
  5063 | D:5      | Got a sapphire whip
  5064 | D:5      | Identified the +5 whip of Valour {vorpal, Dex+5} (You found
                  | it on level 5 of the Dungeon)
  5257 | D:5      | Found a blossoming altar of Fedhas.
  5588 | D:6      | Reached skill level 5 in Invocations
  5606 | D:6      | Reached **** piety under Lugonu
  5853 | D:6      | Reached skill level 1 in Maces & Flails
  6010 | D:6      | Noticed Menkaure
  6016 | D:6      | Reached skill level 5 in Armour
  6021 | D:6      | Killed Menkaure
  6208 | D:7      | Reached XP level 9. HP: 59/75 MP: 13/13
  6472 | D:7      | Noticed Pikel
  6513 | D:6      | Killed Pikel
  7005 | D:7      | Found a shimmering altar of Xom.
  7016 | D:7      | Found a basalt altar of Yredelemnul.
  7127 | D:7      | Found a staircase to the Ecumenical Temple.
  7569 | D:8      | Reached ***** piety under Lugonu
  7904 | D:8      | Reached XP level 10. HP: 70/84 MP: 14/14
  7951 | D:8      | Noticed a three-headed hydra
  7962 | D:8      | Killed a one-headed hydra
  8631 | D:9      | Found a staircase to the Lair.
  8665 | D:9      | Reached skill level 5 in Axes
  8825 | D:9      | Noticed a purple ugly thing
  8847 | D:9      | Killed a purple ugly thing
  9354 | D:9      | Noticed a two-headed ogre
  9364 | D:9      | Killed a two-headed ogre
  9364 | D:9      | Reached skill level 5 in Maces & Flails
  9388 | D:9      | Reached XP level 11. HP: 51/92 MP: 16/16
  9631 | D:9      | Noticed an obsidian statue
  9639 | D:9      | Got a pitted ring mail
  9683 | D:9      | Identified the +4 ring mail "Qeruinuuwn" {rPois Regen+
                  | Str-5} (You found it on level 9 of the Dungeon)
  9695 | D:9      | Noticed a soul eater
  9701 | D:9      | Noticed a sixfirhy
  9905 | D:9      | Noticed a purple ugly thing
  9928 | D:9      | Killed a purple ugly thing
  9928 | D:9      | Reached skill level 1 in Long Blades
 10707 | D:9      | Noticed a soul eater
 10850 | D:9      | Gained mutation: Your magical capacity is low. (-10% MP) [a
                  | neqoxec]
 11021 | D:10     | Entered Level 10 of the Dungeon
 11072 | Lair:1   | Entered Level 1 of the Lair of Beasts
 11331 | D:9      | HP: 4/92 [poisoned by a spiny frog]
 11336 | D:9      | HP: 4/92 [poisoned by a spiny frog]
 11341 | D:9      | HP: 3/92 [poisoned by a spiny frog]
 11346 | D:9      | HP: 4/92 [poisoned by a spiny frog]
 11565 | Lair:1   | Noticed Gastronok
 11585 | Lair:1   | Killed Gastronok
 11585 | Lair:1   | Reached skill level 5 in Dodging
 12203 | Lair:1   | Reached skill level 1 in Shields
 12569 | Lair:2   | Identified a scroll of acquirement
 12683 | Lair:2   | Found a staircase to the Shoals.
 12987 | Lair:2   | Found a runed translucent door.
 13026 | Lair:2   | Noticed astraldaughter's ghost (journeyman HOCj)
 13026 | Lair:2   | Identified the +8 spear of the Eleven Ghosts {vamp, rF- MR+
                  | Str+4 Dex+6}
 13026 | Lair:2   | Noticed a spriggan rider
 13119 | Lair:2   | Reached XP level 12. HP: 90/101 MP: 17/17
 13938 | Lair:1   | Killed astraldaughter's ghost
 14012 | Lair:3   | Found a hole to the Spider Nest.
 14071 | Lair:3   | Found a gate leading to a gauntlet.
 14080 | Gauntlet | Entered a Gauntlet
 14080 | Gauntlet | Found a transporter.
 14080 | Gauntlet | Found a transporter.
 14080 | Gauntlet | Found a transporter.
 14093 | Gauntlet | Found a transporter.
 14093 | Gauntlet | Found a large runed translucent door.
 14093 | Gauntlet | Found a large runed translucent door.
 14126 | Gauntlet | Found a large runed translucent door.
 14126 | Gauntlet | Found a large runed translucent door.
 14126 | Gauntlet | Found a runed translucent door.
 14126 | Gauntlet | Found a runed translucent door.
 14126 | Gauntlet | Found a large runed translucent door.
 14126 | Gauntlet | Found a large runed translucent door.
 14126 | Gauntlet | Found a large runed translucent door.
 14126 | Gauntlet | Found a large runed translucent door.
 14126 | Gauntlet | Found a large runed translucent door.
 14126 | Gauntlet | Found a large runed translucent door.
 14127 | Gauntlet | Found a large runed translucent door.
 14127 | Gauntlet | Found a large runed translucent door.
 14128 | Gauntlet | Found a large runed translucent door.
 14128 | Gauntlet | Found a large runed translucent door.
 14128 | Gauntlet | Found a large runed translucent door.
 14128 | Gauntlet | Found a large runed translucent door.
 14129 | Gauntlet | Noticed a tengu warrior
 14129 | Gauntlet | Found a runed translucent gate.
 14129 | Gauntlet | Found a runed translucent gate.
 14129 | Gauntlet | Found a runed translucent gate.
 14130 | Gauntlet | Found a transporter.
 14132 | Gauntlet | Found a transporter.
 14149 | Gauntlet | Killed a tengu warrior
 14192 | Gauntlet | Found a transporter.
 14192 | Gauntlet | Found a transporter.
 14207 | Gauntlet | Killed from afar by an ice statue

Levels and vault maps discovered:
D:1:      doesnt_arrival_eight_statues, layout_basic, serial_bayou_pond_a,
          lemuel_another_geyser
D:2:      layout_loops_ring
D:3:      layout_rooms, first_ration, serial_bayou_pond_a, hex_medium,
          serial_bayou_crossing
D:4:      layout_loops_cross, serial_shops, kennysheep_mini_moat,
          minmay_misc_feat_enclosed, minmay_snake_closets,
          uniq_crazy_yiuf_cottage, uniq_robin, uniq_sigmund
D:5:      layout_cave_pods, overflow_temple_1_default,
          grunt_temple_overflow_open, basic_altar, enter_ossuary_5
D:6:      layout_rooms, minmay_circle_x, uniq_menkaure
D:7:      layout_gridville, minitemple, minmay_temple_entry_poolview,
          kennysheep_generic_room_11, uniq_pikel
D:8:      layout_cave_pods, hangedman_ranch [blue_anna_fruit_fields]
D:9:      layout_irregular_city, erik_lair_island, minmay_protected_statue
D:10:     layout_basic
Lair:1:   layout_misc_corridors, enter_volcano_1, uniq_gastronok
Lair:2:   layout_long_grid, minmay_shoals_entry_lonely_mermaid,
          ebering_ghost_funeral_grove, beast_lair_carwin_3,
          infiniplex_staircase_pool
Lair:3:   beast_lair_carwin_large_4, layout_concentric_octagons,
          nicolae_spider_entry_non_spiders, gauntlet_entry_generic
Gauntlet: gammafunk_gauntlet_shortcut [gammafunk_gauntlet_arena_chambers,
          nicolae_gauntlet_swirl, gammafunk_gauntlet_arena_mazey,
          minmay_gauntlet_arena_make_your_own_arena, nicolae_gauntlet_arena_x,
          gammafunk_gauntlet_arena_split_x, gauntlet_exit_spiral]

Skill      XL: |  1  2  3  4  5  6  7  8  9 10 11 12 |
---------------+-------------------------------------+-----
Fighting       | 5 6 7 8 |  8.1
Axes           | 2 3 4 5 6 7 |  7.4
Armour         | 2 3 5 6 7 8 9 |  9.3
Invocations    | 4 5 6 7 9 |  9.8
Dodging        | 1 2 3 4 5 |  5.9
Maces & Flails | 1 4 5 |  5.3
Long Blades    | 1 |  1.2
Shields        | 1 2 |  2.0
Evocations     | |  0.9

Action                   |  1- 3 |  4- 6 |  7- 9 | 10-12 || total
-------------------------+-------+-------+-------+-------++-------
Melee: Hand axe          |       |   194 |   172 |    54 ||   420
       Kick              |       |    38 |   155 |   195 ||   388
       Whip              |       |       |   298 |   112 ||   410
       Long sword        |       |       |    12 |   104 ||   116
       War axe           |       |       |       |   327 ||   327
Invok: Depart the Abyss  |       |     1 |       |       ||     1
       Banish            |       |       |       |    11 ||    11
Evoke: Wand              |     2 |     8 |       |    12 ||    22
  Use: Scroll            |       |    10 |    17 |     6 ||    33
       Potion            |       |     2 |     2 |     6 ||    10
 Stab: Paralysed         |       |       |       |     5 ||     5
  Eat: Chunk             |       |     5 |    10 |    13 ||    28
       Ration            |       |       |     1 |     3 ||     4
Armor: Scale mail        |       |   150 |   268 |       ||   418
       Skin              |       |    15 |       |       ||    15
       Plate armour      |       |       |    39 |   322 ||   361
       Crystal plate arm |       |       |       |   312 ||   312
Dodge: Dodged            |       |   102 |   199 |    65 ||   366
Block: Shield            |       |       |       |   193 ||   193
       Rpst.: Long sword |       |       |     2 |     5 ||     7

Table legend:
 A = Non-vault XP
 B = Vault XP
 C = Vault XP percentage of total XP
 D = Non-vault monster count
 E = Vault monster count
 F = Vault count percentage of total count
                 A         B        C        D         E       F
            +---------+---------+-------+---------+---------+-------
      Total |   16467 |   12688 |  43.5 |     232 |      87 |  27.3
            +---------+---------+-------+---------+---------+-------
        D:1 |      66 |       0 |   0.0 |      36 |       0 |   0.0
        D:2 |      48 |       0 |   0.0 |      16 |       0 |   0.0
        D:3 |     105 |       0 |   0.0 |      27 |       0 |   0.0
        D:4 |     298 |     339 |  53.2 |       8 |      18 |  69.2
        D:5 |     204 |       0 |   0.0 |      12 |       0 |   0.0
        D:6 |     568 |     926 |  62.0 |      21 |       8 |  27.6
        D:7 |     796 |       0 |   0.0 |      19 |       0 |   0.0
        D:8 |    1510 |    2215 |  59.5 |      25 |       8 |  24.2
        D:9 |    4741 |     728 |  13.3 |      32 |       9 |  22.0
     Lair:1 |    1686 |    4459 |  72.6 |       8 |       5 |  38.5
     Lair:2 |    5753 |    1650 |  22.3 |      25 |       8 |  24.2
     Lair:3 |     210 |     184 |  46.7 |       1 |       8 |  88.9
    Abyss:2 |     482 |       0 |   0.0 |       2 |       0 |   0.0
    Ossuary |       0 |     299 | 100.0 |       0 |      16 | 100.0
   Gauntlet |       0 |    1888 | 100.0 |       0 |       7 | 100.0
            +---------+---------+-------+---------+---------+-------
